Map: The Vermillion Problem

Players

wasp

  • Race: Protoss Protoss

larsgj

  • Race: Terran Terran

VOD

Have the link to the VOD?

Description

Time

  • Played on: Oct. 22, 2018, 1:11 p.m.
  • Length: 48:02
Show
View Real Time Build Order
Export as new Build Order

wasp Protoss 

Build Orders:  

Get SALT Encoding   

  1  0:00  Probe x12 (Chrono Boost)  
    0:10  Unknown x2  
  12  0:28  Pylon  
  12  0:42  Pylon  
  12  0:55  Assimilator  
  12  1:09  Gateway  
  12  1:27  Forge  
  12  1:50  Gateway  
  12  1:59  Probe (Chrono Boost)  
  13  2:13  Probe (Chrono Boost)  
  13  2:16  Zealot  
  16  3:29  Cybernetics Core  
  16  3:30  Zealot  
  18  4:20  Photon Cannon  
  18  4:39  Photon Cannon  
  18  4:44  Photon Cannon  
  18  4:53  Pylon  
  18  5:16  Assimilator  
  18  5:30  Probe (Chrono Boost)  
  19  5:44  Probe (Chrono Boost)  
  20  5:57  Probe (Chrono Boost)  
  21  6:11  Probe (Chrono Boost)  
  22  6:25  Probe (Chrono Boost)  
  23  6:53  Twilight Council  
  23  7:07  Pylon  
  23  7:51  Templar Archives  
  23  7:54  Zealot  
  23  7:55  Zealot x2  
  23  7:56  Zealot  
  23  7:57  Zealot  
  23  7:58  Zealot  
  35  9:03  High Templar x2  
  35  9:06  Archon  
  39  9:11  High Templar  
  41  9:32  High Templar  
  41  9:34  Archon  
  43  11:29  High Templar  
  45  11:30  High Templar  
  45  11:33  Archon  
  47  11:53  Pylon  
  47  11:59  Pylon  
  47  12:17  Pylon  
  47  12:33  Pylon  
  47  12:40  High Templar  
  47  12:41  High Templar  
  51  12:53  Archon  
  51  13:23  Zealot x2  
  51  13:24  Zealot x2  
  59  13:48  Stargate  
  57  14:52  Robotics Facility  
  53  16:54  High Templar x2  
  53  16:56  High Templar x2  
  53  16:58  High Templar  
  63  17:05  Archon  
  63  17:06  Archon  
  63  17:15  High Templar  
  65  17:31  Archon  
  58  21:28  Fleet Beacon  
  58  21:34  Robotics Bay  
  58  21:37  Immortal x2  
  58  21:38  Immortal  
  70  23:51  Tempest x2  
  78  24:13  Pylon  
  78  24:23  Pylon  
  78  24:28  Pylon  
  78  24:49  Pylon  
  78  24:55  Protoss Ground Armor Level 1  
  78  25:07  Pylon  
  78  25:26  Reaver  
  78  25:27  Reaver x2  
  96  26:36  Phoenix x3  
  102  26:52  Zealot x4  
  102  26:53  Zealot x2  
  114  27:35  Protoss Ground Weapons Level 1  
  114  29:36  High Templar x2  
  118  29:44  Archon  
  118  29:55  Psionic Storm  
  118  30:13  Gravitic Boosters  
  118  30:55  Khaydarin Amulet  
  118  31:12  Improved Barrier  
  118  32:12  Scarab Housing  
  118  33:12  Solarite Payload  
  109  38:55  High Templar  
  109  38:56  High Templar  
  109  38:57  High Templar  
  109  38:58  High Templar  
  117  39:00  High Templar  
  117  39:05  Archon x2  
  117  44:01  Dragoon  
Show
View Real Time Build Order
Export as new Build Order

larsgj Terran 

Build Orders:  

Get SALT Encoding   

  1  0:00  Orbital Command, SCV x12  
    0:10  Unknown  
    0:15  SCV  
  13  0:30  Supply Depot  
  13  0:40  SCV  
  14  0:55  Barracks  
  14  0:59  SCV  
  15  1:15  Refinery  
  15  1:18  SCV  
  16  1:28  Marine  
  16  1:30  Refinery  
  17  1:45  Marine  
  17  1:46  SCV  
  19  1:55  Marine  
  20  2:02  SCV  
  20  2:05  Marine  
  22  2:13  Supply Depot  
  22  2:17  Marine  
  22  2:25  SCV  
  24  2:32  Marine  
  25  2:43  Marine  
  26  3:01  Engineering Bay  
  26  3:02  SCV  
  27  3:18  SCV  
  28  3:35  SCV  
  28  3:36  Factory  
  29  3:45  Barracks Tech Lab  
  29  3:53  SCV  
  30  4:10  SCV  
  30  4:16  Missile Turret  
  31  4:44  Missile Turret  
  31  5:03  Supply Depot  
  31  5:05  Unknown  
  31  5:06  SCV  
  32  5:14  Supply Depot  
  32  5:18  Missile Turret  
  32  5:33  Starport  
  32  5:40  SCV  
  32  5:42  Medic  
  35  5:52  Medic  
  35  5:57  SCV  
  38  6:02  Marine  
  39  6:13  Marine  
  40  6:23  Marine  
  41  6:36  SCV  
  42  6:45  Fusion Core  
  42  6:51  Armory  
  42  6:53  SCV  
  42  6:54  Starport Tech Lab  
  42  6:55  Stabilizer Medpacks  
  43  7:05  Starport  
  43  7:31  Missile Turret  
  43  7:48  Medic  
  43  7:58  Marine  
  43  7:59  Missile Turret  
  45  8:03  Starport Tech Lab  
  46  8:10  SCV  
  47  8:22  Medic, Supply Depot  
  47  8:27  SCV, Missile Turret  
  50  8:31  Supply Depot  
  50  8:32  Marine  
  51  8:40  Supply Depot  
  51  8:43  Medic  
  51  8:44  SCV  
  54  8:50  Supply Depot  
  54  9:01  SCV  
  55  9:18  SCV  
  56  9:35  SCV  
  56  9:37  Battlecruiser  
  62  9:51  SCV  
  62  10:08  SCV  
  63  10:12  Battlecruiser  
  69  10:23  Weapon Refit  
  69  10:56  Afterburners  
  69  11:11  SCV  
  70  11:23  Supply Depot  
  70  11:26  Supply Depot  
  70  11:28  SCV  
  71  11:45  Orbital Command  
  71  11:55  Battlecruiser  
  71  11:56  Advanced Optics  
  76  12:36  Supply Depot  
  76  12:38  Supply Depot  
  76  12:40  Supply Depot  
  76  12:54  Battlecruiser  
  82  13:56  Terran Vehicle And Ship Armor Level 1  
  82  15:27  Battlecruiser  
  88  15:37  Battlecruiser  
  94  15:53  Medic  
  96  16:03  Marine  
  97  16:14  Marine  
  98  16:24  Marine  
  99  16:34  Marine  
  99  16:36  Terran Vehicle and Ship Weapons Level 1  
  100  17:03  Medic  
  102  17:13  Medic  
  102  17:18  Command Center  
  104  17:23  Medic, Missile Turret  
  106  17:55  Missile Turret  
  106  18:06  Battlecruiser  
  112  18:13  SCV  
  113  18:24  Missile Turret  
  113  18:30  SCV  
  114  18:47  SCV  
  115  18:53  Missile Turret  
  115  19:02  Medic  
  115  19:04  SCV  
  118  19:13  Marine  
  118  19:16  Terran Vehicle And Ship Armor Level 2  
  118  19:18  SCV  
  120  19:21  SCV  
  120  19:22  Missile Turret  
  120  19:23  Medic  
  120  19:26  Refinery  
  123  19:33  Marine  
  123  19:35  SCV  
  125  19:43  Medic  
  127  19:51  Missile Turret  
  127  19:52  SCV  
  127  19:53  Marine  
  129  20:03  Marine  
  129  20:09  SCV  
  131  20:14  Marine  
  131  20:17  Refinery  
  132  20:20  Missile Turret  
  132  20:24  Marine  
  132  20:26  SCV  
  134  21:06  Marine, Supply Depot  
  134  21:07  Battlecruiser  
  134  21:08  Supply Depot  
  134  21:09  Battlecruiser, SCV  
  142  21:10  Supply Depot  
  142  21:12  Supply Depot  
  142  21:13  Supply Depot  
  142  21:16  Supply Depot  
  142  21:17  Marine  
  142  21:18  Supply Depot  
  149  21:20  Supply Depot  
  149  21:22  Supply Depot  
  149  21:24  Supply Depot  
  149  21:26  SCV  
  150  21:43  SCV  
  151  21:51  Marine  
  152  22:00  SCV  
  152  22:02  Medic  
  155  22:12  Marine  
  155  22:13  Barracks  
  155  22:17  SCV  
  157  22:22  Medic  
  159  22:32  Marine  
  159  22:34  SCV  
  161  22:51  Barracks  
  161  23:02  Barracks Tech Lab  
  161  23:06  Marine  
  162  23:16  Medic  
  164  23:26  Marine  
  165  23:31  Marine, Barracks Tech Lab  
  165  23:36  Marine  
  167  23:41  Orbital Command, Marine  
  167  23:46  Marine  
  169  23:52  Marine  
  169  23:56  Marine  
  171  24:02  Medic  
  171  24:07  Medic  
  175  24:12  Marine  
  166  26:36  Battlecruiser x2  
  178  26:43  Terran Vehicle and Ship Weapons Level 2  
  178  27:03  Marine x2  
  178  27:04  Marine  
  181  27:13  Medic x2  
  181  27:14  Medic  
  181  27:18  Battlecruiser  
  181  27:19  Battlecruiser  
  187  27:22  Missile Turret  
  187  27:23  Marine  
  192  29:28  Marine x3  
  187  29:38  Marine x3  
  182  29:48  Marine x3  
  185  29:53  Terran Vehicle And Ship Armor Level 3  
  185  29:58  Marine x2, Medic  
  186  30:08  Medic x2  
  186  30:09  Medic  
  188  30:42  Marine x3  
  189  30:52  Marine, Medic x2  
  194  31:02  Marine x2, SCV  
  194  31:03  Medic  
  199  31:12  Marine  
  170  33:41  SCV  
  170  33:47  Marine x2  
  170  33:48  Marine  
  171  33:57  Medic  
  171  33:58  SCV, Medic x2  
  175  34:08  Marine x3  
  179  34:15  SCV  
  179  34:18  Marine, Medic x2  
  179  34:19  Refinery  
  181  34:28  Marine  
  186  34:32  SCV  
  187  34:49  SCV  
  178  35:33  Marine  
  178  35:34  Marine x2  
  175  35:44  Marine, Medic x2  
  172  35:54  Marine x3  
  164  36:04  Marine, Medic x2  
  169  36:14  Marine x2  
  169  36:15  Medic  
  169  36:16  SCV  
  174  36:33  SCV  
  175  36:44  Supply Depot  
  175  36:50  SCV, Supply Depot  
  175  36:53  Supply Depot  
  175  36:56  Supply Depot  
  175  36:58  Supply Depot  
  176  37:00  Supply Depot  
  176  37:03  Supply Depot  
  176  37:04  Supply Depot  
  176  37:06  Supply Depot  
  176  37:07  SCV  
  176  37:08  Supply Depot  
  177  37:10  Supply Depot  
  177  37:12  Supply Depot  
  177  37:14  Supply Depot  
  177  37:16  Supply Depot  
  177  37:17  Supply Depot  
  177  37:19  Supply Depot  
  177  37:21  Supply Depot  
  177  37:23  SCV, Supply Depot  
  177  37:25  Supply Depot  
  177  37:27  Supply Depot  
  178  37:31  Supply Depot  
  178  37:49  Marine x2  
  178  37:50  Marine  
  178  37:59  Marine  
  181  38:00  Marine x2  
  183  38:10  Marine, Medic x2  
  188  38:20  Marine x3  
  191  38:30  Marine x2  
  191  38:34  Marine  
  194  38:40  Marine x2  
  194  38:44  Marine  
  197  38:50  Marine  
  197  38:51  Marine  
  197  38:54  Marine  
  200  39:04  Marine  
  198  39:14  Marine  
  191  39:25  Marine  
  181  42:10  Marine x3  
  182  42:20  Marine x3  
  185  42:30  Marine x2, Medic  
  189  42:40  Marine, Medic  
  189  42:41  Marine  
  193  42:50  Marine  
  193  42:51  Marine  
  193  43:55  SCV  
  194  44:12  SCV  
  192  44:29  SCV  
  193  44:46  SCV  
  194  45:03  SCV  
Tags
 
Add a new tag
Caveats
  • Supply blocks, unpowered buildings, or Contaminate may cause inaccurate times.
  • Supply counts are checked every 10 seconds.